Map: Whirlwind LE (Void)

Players

Pirico

  • Race: Terran Terran
  • Spawn Location: 11:00

Mata - Winner!

  • Race: Terran Terran
  • Spawn Location: 7:00

VOD

Have the link to the VOD?

Description

My second ranked game, i lost medvacs to 3 AA turrets figured i should go Bio and switched to constant marine spam, when i beat his army i went around the map searching for his last base.Any tips on what couldv i done better?

Time

  • Played on: Dec. 31, 2016, 11:05 a.m.
  • Length: 19:58
Show
View Real Time Build Order
Export as new Build Order

Pirico Terran 

Build Orders:  

Get SALT Encoding   

  12  0:08  SCV  
  13  0:20  SCV  
  14  0:34  Supply Depot  
  14  1:27  Refinery  
  14  1:32  Refinery  
  14  1:34  SCV  
  15  1:46  SCV  
  16  1:57  Barracks  
  16  1:58  SCV  
  17  2:05  Supply Depot  
  17  2:10  SCV  
  18  2:23  SCV  
  19  2:34  Engineering Bay  
  19  2:35  SCV  
  20  2:47  SCV  
  21  3:17  Missile Turret  
  21  3:36  Sensor Tower  
  21  3:39  Missile Turret  
  21  4:05  Sensor Tower, Missile Turret  
  21  4:26  Bunker x2  
  21  4:30  Marine  
  23  4:46  Orbital Command  
  23  4:48  Marine  
  23  5:06  Marine  
  24  5:09  Supply Depot  
  24  5:12  SCV  
  25  5:23  Marine  
  25  5:24  SCV  
  27  5:41  Marine  
  28  5:46  Supply Depot  
  28  6:09  Factory  
  28  6:15  Missile Turret  
  28  6:26  Barracks  
  28  6:40  Missile Turret  
  28  7:04  Barracks  
  28  7:26  Barracks Reactor  
  28  7:40  Missile Turret  
  28  7:59  Starport, Missile Turret  
  28  8:01  Factory Reactor  
  28  8:07  Factory Tech Lab  
  28  8:16  Marine  
  29  8:27  Marine x2  
  29  8:33  Marine  
  32  8:44  Marine, Barracks Tech Lab  
  32  8:45  Marine  
  32  8:48  Starport  
  34  8:51  Marine  
  35  8:58  Missile Turret  
  35  9:02  Marine x2  
  35  9:03  Missile Turret  
  35  9:09  Marine  
  38  9:20  Marine x2  
  40  9:24  Missile Turret  
  40  9:27  Missile Turret, Marine  
  41  9:45  Combat Shields  
  41  9:49  Marine  
  41  9:52  Marine x2  
  43  9:58  Marine  
  45  10:07  Marine  
  45  10:10  Marine  
  47  10:17  Starport Tech Lab  
  47  10:23  Fusion Core  
  47  10:27  Supply Depot  
  47  10:36  Supply Depot  
  47  10:48  Marine x4  
  51  11:00  Command Center  
  51  11:06  Marine x4  
  55  11:11  Supply Depot  
  55  11:19  Supply Depot  
  55  11:23  Marine x3  
  55  11:25  Supply Depot  
  58  11:31  Barracks  
  58  11:41  Marine  
  58  11:44  Supply Depot  
  59  12:16  Supply Depot  
  59  12:20  Supply Depot  
  59  12:41  Supply Depot  
  59  12:57  Refinery  
  59  13:03  Refinery  
  59  13:15  Marine  
  60  13:33  Marine  
  61  13:51  Marine  
  62  14:09  Marine  
  63  14:27  Marine  
    17:55  Orbital Command  
    18:30  SCV  
  1  18:39  Factory Tech Lab  
  1  18:42  SCV  
  2  18:54  SCV  
  3  19:06  SCV  
  3  19:09  Armory  
  4  19:18  SCV  
Show
View Real Time Build Order
Export as new Build Order

Mata Terran - Winner!

Build Orders: MMM Bio 

Get SALT Encoding   

  12  0:02  SCV  
  13  0:18  SCV, Supply Depot  
  14  0:36  SCV  
  14  0:41  Supply Depot  
  15  0:57  SCV  
  16  1:05  Barracks  
  17  1:11  SCV  
  17  1:17  Barracks  
  17  1:18  Refinery  
  17  1:23  SCV  
  17  1:35  SCV  
  18  2:01  SCV  
  19  2:12  Barracks Tech Lab  
  19  2:26  Command Center  
  19  2:29  SCV  
  20  2:31  Barracks Tech Lab  
  20  2:34  Barracks Reactor  
  20  2:39  Marine  
  21  2:59  Marine  
  22  3:06  Factory  
  22  3:09  SCV  
  22  3:11  Refinery  
  23  3:14  Marine x2  
  23  3:17  Marine  
  26  3:28  Orbital Command  
  26  3:32  Marine x2  
  28  3:35  Marine  
  29  3:44  Stimpack  
  29  3:50  Marine x2  
  29  3:55  Factory Reactor  
  31  4:03  Marine  
  31  4:08  Marine x2  
  34  4:12  Starport  
  34  4:13  SCV  
  35  4:19  SCV  
  36  4:24  Marine  
  36  4:25  SCV, Marine  
  36  4:27  Marine  
  36  4:31  SCV  
  41  4:40  SCV  
  41  4:42  Marine  
  41  4:43  Marine  
  41  4:45  Marine  
  45  4:49  Factory Tech Lab  
  45  5:00  Marine  
  46  5:09  Supply Depot  
  46  5:11  Supply Depot  
  46  5:21  Engineering Bay  
  46  5:30  SCV, Medivac x2, Marine  
  52  5:37  Supply Depot  
  52  5:42  SCV  
  53  5:46  Supply Depot  
  53  5:50  Combat Shields  
  53  5:53  Supply Depot  
  53  5:54  Terran Infantry Weapons Level 1  
  53  5:59  SCV  
  54  6:07  Liberator  
  54  6:18  Marine  
  54  6:19  Marine x2  
  60  6:27  SCV  
  60  6:30  SCV  
  46  6:55  Medivac  
  46  6:57  Marine  
  46  6:58  Marine x2  
  48  7:01  SCV  
  48  7:07  Medivac  
  50  7:16  Marauder, Barracks  
  50  7:17  SCV  
  53  7:30  Command Center  
  53  7:39  SCV  
  54  7:50  Marauder  
  54  7:51  SCV  
  57  7:53  Marine x2  
  57  7:57  Terran Infantry Armor Level 1  
  59  8:05  Barracks  
  59  8:06  Supply Depot  
  59  8:08  SCV  
  60  8:20  SCV  
  61  8:32  Orbital Command  
  61  8:34  Marauder  
  63  8:41  Concussive Shells  
  63  8:43  Liberator, Barracks Reactor  
  63  8:47  Barracks  
  63  9:02  Barracks  
  66  9:05  Marine x2  
  66  9:08  Marine  
  69  9:19  Marine  
  69  9:20  Marine  
  71  9:25  Marine x2  
  71  9:26  Marine  
  74  9:40  Orbital Command  
  74  9:45  Marauder  
  76  9:50  SCV  
  77  9:53  SCV  
  77  9:57  Marine x3  
  77  9:58  Marine x2  
  83  10:13  Armory  
  83  10:14  Supply Depot  
  83  10:15  Marine  
  83  10:17  Barracks Reactor  
  83  10:19  Supply Depot  
  84  10:24  Siege Tank  
  84  10:27  Marine x2  
  84  10:28  Marine x3  
  91  10:33  Marine x2  
  94  10:45  Marine x2  
  94  10:46  Marauder, Marine  
  99  10:51  Supply Depot, Marine x2  
  99  10:52  SCV  
  99  10:56  Siege Tank  
  105  11:04  Supply Depot  
  105  11:05  Marine x2  
  105  11:07  Marine  
  109  11:16  Marine x2  
  111  11:21  Barracks Reactor  
  111  11:22  Barracks  
  111  11:23  Marine x2  
  111  11:25  Marine  
  113  11:26  Supply Depot  
  113  11:30  Supply Depot  
  113  11:31  Barracks Reactor  
  113  11:37  Barracks  
  113  11:39  SCV  
  114  11:43  Supply Depot  
  114  11:46  Refinery  
  114  11:49  Marine x2  
  114  11:50  Marine  
  114  11:51  SCV  
  114  11:52  Marine x2  
  120  11:57  Marine x2  
  122  12:07  Marine x2  
  124  12:09  Marine x2  
  124  12:10  Marine x2  
  124  12:13  Marine  
  129  12:16  Marine x2  
  131  12:31  SCV  
  131  12:34  Marine  
  133  12:39  Marine x2  
  133  12:40  Supply Depot  
  133  12:41  Marine x2  
  133  12:42  Marine x2  
  133  12:43  Marauder  
  141  12:45  Command Center  
  141  12:46  Supply Depot  
  141  12:51  Supply Depot  
  141  12:53  Terran Infantry Weapons Level 2  
  141  13:02  Barracks Reactor  
  141  13:06  Marine x2  
  141  13:07  Barracks Reactor  
  141  13:08  Marine x2  
  141  13:09  Marine x2  
  141  13:11  Marine x2  
  149  13:14  Marine x2  
  149  13:16  Siege Tank  
  149  13:17  Marine  
  155  13:24  Marine x2  
  155  13:26  Marine x2  
  159  13:27  Marine x2  
  159  13:29  Marine x2  
  159  13:31  Marine  
  159  13:32  Marine  
  165  13:38  Engineering Bay  
  165  13:44  Marine x2  
  165  13:45  Marauder, Marine x2  
  165  13:47  Marine x2  
  173  13:49  Marine x2  
  175  13:55  Supply Depot  
  175  13:58  Supply Depot  
  175  14:40  Supply Depot  
  175  14:44  SCV  
  174  15:09  Terran Infantry Armor Level 2  
  174  15:12  Marine x6  
  174  15:13  Marine  
  170  17:04  Supply Depot  
  170  17:07  Marine x3  
  170  17:08  Marine x3  
  175  17:09  Marine  
  175  17:11  Marine x2, Marauder  
  175  17:13  Marine  
  175  17:14  Marine x3  
  185  17:19  Supply Depot  
  185  17:21  Barracks  
  185  17:26  Marine x2  
  185  17:29  Marine x2  
  182  17:57  Marine x2  
  182  17:58  Marine x2  
  186  17:59  Marine x2  
  186  18:00  Marine x2  
  186  18:01  Marine x2  
  192  18:10  Supply Depot  
  192  18:16  Marine  
Tags
 
Composition
MMM Bio
Matchup
TvT
Race
Terran
Spawn Locations
Close Positions
Add a new tag
Caveats
  • Supply blocks, unpowered buildings, or Contaminate may cause inaccurate times.
  • Supply counts are checked every 10 seconds.